 Dungeon Crawl Stone Soup version 0.17.0-26-gececa24 (webtiles) character file.

2282 trolloc1 the Covert (level 9, 0/42 HPs)
             Began as a Spriggan Enchanter on Nov 21, 2015.
             Killed from afar by an electric eel (10 damage)
             ... with a bolt of electricity
             ... on level 6 of the Dungeon.
             The game lasted 00:25:35 (6500 turns).

trolloc1 the Covert (Spriggan Enchanter)            Turns: 6500, Time: 00:25:35

Health: 0/42       AC:  3    Str:  7    XL:     9   Next: 16%
Magic:  7/14       EV: 24    Int: 17    God:
Gold:   316        SH:  7    Dex: 16    Spells: 3 memorised, 7 levels left

rFire  . . .     SeeInvis +     u - +2 dagger (pain)
rCold  . . .     Clarity  .     b - +1 robe
rNeg   . . .     SustAt   .     D - +2 buckler
rPois  .         Gourm    .     (helmet restricted)
rElec  .         Spirit   .     (no cloak)
rCorr  .         Warding  .     (gloves unavailable)
rMut   .         Stasis   .     (boots unavailable)
MR     +....                    (no amulet)
Stlth  +++.......               n - ring of wizardry
                                k - +3 ring of evasion

@: very quick, somewhat resistant to hostile enchantments, fairly stealthy
A: unfitting armour, see invisible, herbivore 3, speed 3, slow metabolism 2
a: no special abilities


You were on level 6 of the Dungeon.
You were not hungry.

You visited 1 branch of the dungeon, and saw 6 of its levels.

You collected 316 gold pieces.

Inventory:

Hand Weapons
 u - a +2 dagger of pain (weapon)
Armour
 b - a +1 robe (worn)
 D - a +2 buckler (worn)
Jewellery
 k - a +3 ring of evasion (left hand)
 n - a ring of wizardry (right hand)
 A - an uncursed ring of protection from magic
Wands
 a - a wand of lightning (6)
 x - a wand of invisibility (4)
Scrolls
 e - 7 scrolls of remove curse {unknown}
 f - 3 scrolls of identify {unknown}
 g - 2 scrolls of immolation {unknown}
 i - 2 scrolls of fear {unknown}
 m - 4 scrolls of teleportation {unknown}
 o - 2 scrolls of noise {unknown}
 p - a scroll of fog {unknown}
 r - 2 scrolls of magic mapping {unknown}
 w - a scroll of enchant armour {unknown}
 y - a scroll of recharging {unknown}
 E - a scroll of random uselessness {unknown}
Potions
 h - a potion of ambrosia {unknown}
 j - a potion of cure mutation {unknown}
 q - a potion of degeneration {unknown}
 s - 3 potions of agility {unknown}
 t - 2 potions of poison {unknown}
 v - 2 potions of curing {unknown}
 z - a potion of flight {unknown}
 B - 2 potions of heal wounds {unknown}
 C - a potion of might {unknown}
Books
 c - a book of Maledictions

   Spells                             Type                      Level
   a - Corona                         Hexes                        1
   b - Ensorcelled Hibernation        Hexes/Ice                    2
   c - Confuse                        Hexes                        3
   d - Tukima's Dance                 Hexes                        3
   e - Dazzling Spray                 Conjuration/Hexes            3
Comestibles
 d - 3 bread rations
 l - 3 fruits


   Skills:
 + Level 2.0 Fighting
 + Level 2.6 Short Blades
 + Level 6.4 Dodging
 + Level 13.2 Stealth
 - Level 2.7 Spellcasting
 + Level 7.1 Hexes
 + Level 3.7 Ice Magic


You had 7 spell levels left.
You knew the following spells:

 Your Spells              Type           Power        Failure   Level  Hunger
a - Corona                Hex            ####...      1%          1    #......
b - Ensorcelled Hibernat  Hex/Ice        ###...       2%          2    ##.....
c - Confuse               Hex            ####....     2%          3    ###....


Dungeon Overview and Level Annotations

Branches:
Dungeon (6/15)
 Temple: D:4-7

Altars:
Zin

Annotations:
D:3 Terence


Innate Abilities, Weirdness & Mutations

You are tiny and cannot use many weapons and most armour.
You have supernaturally acute eyesight.
You are a herbivore.
You cover ground extremely quickly.
You need consume almost no food.


Message History

Aim: a kobold demonologist, wielding a dagger and wearing a robe (chance to defeat MR: 37%)
The kobold demonologist resists with some effort.
The kobold demonologist mumbles some strange words.
The sixfirhy completely misses you. The sixfirhy hits you!
The sixfirhy shocks you! The sixfirhy misses you.
The electric eel shoots out a bolt of lightning at you!
The bolt of electricity misses you.
Casting: Confuse
Confirm with . or Enter, or press ? or * to list all spells.
Aiming: Confuse
Press: ? - help, Shift-Dir - straight line, f/p - kobold demonologist
Aim: a kobold demonologist, wielding a dagger and wearing a robe (chance to defeat MR: 37%)
The kobold demonologist resists with some effort.
The sixfirhy hits you. The sixfirhy shocks you!
* * * LOW HITPOINT WARNING * * *
You block the sixfirhy's attack. The sixfirhy closely misses you.
The sixfirhy completely misses you.
The electric eel shoots out a bolt of lightning at you!
The bolt of electricity hits you!
You die...

## #.#≈≈≈≈≈≈≈≈..≈≈≈≈≈≈≈≈ #### .#
#.#≈≈≈≈≈≈≈# #;≈≈≈≈≈≈##... .##
#.'........ ........'.... ..#
#.'........##........'.... #.####
#.#≈≈≈≈≈≈≈#..#≈≈≈≈≈ #...z .....#
#.#≈≈≈≈≈≈≈≈..≈≈≈≈≈≈ #..#z .....#
#.#≈≈≈≈≈≈≈5..≈≈≈≈≈≈ #...z (..(.#
#.##≈≈≈K45≈..≈≈≈≈≈≈ #.##. ##..##
#..##≈≈≈≈@4..≈≈≈≈≈≈ #.##.
###)#####..##≈≈≈≈≈..≈≈≈≈≈####.##z
#...........##≈≈≈≈..≈≈≈≈##.......
#.........#..##≈≈≈..≈≈≈###.#####.
#.........##.#####''####.....# #.
####..#####....##...# ###.#####.
..###)## #.......### #....##. ..#
#..# #....#### ####.##. ..# ##.##
##.### #.##.


You could see a hellwing, a kobold demonologist, a sixfirhy, an electric eel, a
crimson imp and a shadow imp.

Vanquished Creatures
  A troll (D:6)
  Eustachio (D:4)
  Menkaure (D:5)
  Edmund (D:4)
  An orc warrior (D:6)
  3 ogres
  A sky beast (D:5)
  3 centaurs (D:6)
  An electric eel (D:6)
  3 wights (D:6)
  2 hounds
  A jelly (D:6)
  A crimson imp (D:6)
  4 orc priests
  A giant frog skeleton (D:5)
  A gnoll shaman (D:4)
  5 orc wizards
  4 worker ants
  A hound zombie (D:6)
  A hound skeleton (D:4)
  7 adders
  12 gnolls
  A worm (D:3)
  21 orcs
  9 bats
  3 giant cockroaches
  7 goblins
  5 hobgoblins
  9 jackals
  4 quokkas
  A ball python (D:1)
  3 giant geckos
  A giant newt (D:6)
  A jackal zombie (D:3)
  6 kobolds
  A quokka skeleton (D:6)
  4 rats
132 creatures vanquished.

Notes
Turn   | Place    | Note
--------------------------------------------------------------
     0 | D:1      | trolloc1 the Spriggan Enchanter began the quest for the Orb.
     0 | D:1      | Reached XP level 1. HP: 9/9 MP: 5/5
   116 | D:1      | Reached XP level 2. HP: 13/13 MP: 6/6
   120 | D:1      | Learned a level 2 spell: Ensorcelled Hibernation
   423 | D:2      | Reached skill level 5 in Stealth
   466 | D:2      | Reached XP level 3. HP: 16/16 MP: 8/8
   571 | D:2      | Reached skill level 6 in Stealth
  1114 | D:3      | Reached XP level 4. HP: 21/21 MP: 3/9
  1217 | D:3      | Noticed Terence
  1925 | D:3      | Reached skill level 7 in Stealth
  1949 | D:3      | Reached XP level 5. HP: 15/25 MP: 1/10
  2294 | D:4      | Reached skill level 1 in Ice Magic
  2307 | D:4      | Learned a level 3 spell: Confuse
  2684 | D:4      | Reached skill level 1 in Fighting
  2778 | D:4      | Noticed Edmund
  3048 | D:4      | Killed Edmund
  3048 | D:4      | Reached skill level 8 in Stealth
  3048 | D:4      | Reached XP level 6. HP: 30/30 MP: 4/11
  3218 | D:4      | Noticed an ogre
  3225 | D:4      | Killed an ogre
  3225 | D:4      | Reached skill level 9 in Stealth
  3225 | D:4      | Reached skill level 5 in Hexes
  3303 | D:4      | Noticed Eustachio
  3317 | D:4      | Killed Eustachio
  3317 | D:4      | Reached XP level 7. HP: 19/33 MP: 5/12
  3385 | D:4      | Reached skill level 10 in Stealth
  3436 | D:4      | Noticed an ogre
  3442 | D:4      | Killed an ogre
  4044 | D:5      | Entered Level 5 of the Dungeon
  4052 | D:5      | Noticed Menkaure
  4059 | D:5      | Killed Menkaure
  4059 | D:5      | Reached skill level 11 in Stealth
  4097 | D:5      | Reached XP level 8. HP: 23/37 MP: 4/13
  5442 | D:5      | Found a glowing silver altar of Zin.
  5708 | D:6      | Reached skill level 5 in Dodging
  5770 | D:6      | Reached skill level 12 in Stealth
  5925 | D:6      | Noticed a troll
  5943 | D:6      | Killed a troll
  5992 | D:6      | Reached XP level 9. HP: 42/42 MP: 0/14
  6138 | D:6      | Reached skill level 13 in Stealth
  6489 | D:6      | Noticed a kobold demonologist
  6495 | D:6      | Noticed a sixfirhy
  6498 | D:6      | Noticed a hellwing
  6500 | D:6      | Killed from afar by an electric eel

Action                   |  1- 3 |  4- 6 |  7- 9 || total
-------------------------+-------+-------+-------++-------
Melee: Dagger            |    77 |   132 |   195 ||   404
 Cast: Ensorcelled Hiber |     9 |    34 |    71 ||   114
       Confuse           |       |       |     6 ||     6
 Stab: Sleeping          |    22 |    27 |    51 ||   100
       Distracted        |     1 |       |     1 ||     2
       Confused          |       |       |     2 ||     2
  Eat: Fruit             |       |     1 |     3 ||     4
       Bread ration      |       |       |     1 ||     1
